 Dungeon Crawl Stone Soup version 0.28.0-43-g3370ac3207 (webtiles) character file.

Game seed: 3438878718949593996

253 issech the Cudgeller (level 5, 0/53 HPs)
             Began as a Troll Monk on Mar 29, 2022.
             Slain by an iron imp (7 damage)
             ... summoned by Natasha
             ... on level 3 of the Dungeon on Mar 30, 2022.
             The game lasted 00:10:33 (2358 turns).

issech the Cudgeller (Troll Monk)                   Turns: 2358, Time: 00:10:34

Health: 0/53       AC:  4    Str: 19    XL:     5   Next: 90%
Magic:  4/4        EV:  9    Int:  6    God:
Gold:   97         SH:  7    Dex: 14    Spells: 4/4 levels left

rFire   . . .      SeeInvis .   t - +0 flail
rCold   . . .      Faith    .   j - +0 kite shield
rNeg    . . .      Spirit   .   m - +0 animal skin
rPois   .          Reflect  .   (helmet restricted)
rElec   .          Harm     .   (no cloak)
rCorr   .          Rampage  .   (gloves unavailable)
Will    .....                   (boots unavailable)
Stlth   ++........              (no amulet)
HPRegen 0.97/turn               (no ring)
MPRegen 0.09/turn               (no ring)

@: no status effects
A: large, unfitting armour, claws 3, regeneration 1, shaggy fur 1, tough skin 1
a: no special abilities


You were on level 3 of the Dungeon.
You visited 1 branch of the dungeon, and saw 3 of its levels.

You collected 97 gold pieces.

Inventory:

Hand Weapons
 a - a +0 mace
 k - a +2 dagger of draining
 t - a +0 flail (weapon)
Missiles
 e - 62 stones (quivered)
 i - 22 arrows
 p - 2 javelins
Armour
 b - a +0 robe
 j - a +0 kite shield (worn)
 m - a +0 animal skin (worn)
 u - the +1 Delatra's gloves {ID++}
   (You found it on level 3 of the Dungeon)

   It heals its wearer when they drink unknown potions.
   It restores its wearer's MP when they read unknown scrolls.
Scrolls
 c - 2 scrolls of teleportation
 f - a scroll of blinking {unknown}
 o - a scroll of silence {unknown}
 r - a scroll of magic mapping {unknown}
 s - a scroll of fear {unknown}
Potions
 d - 3 potions of cancellation {unknown}
 g - a potion of degeneration {unknown}
 h - 5 potions of attraction {unknown}
 l - 2 potions of heal wounds
 n - a potion of curing {unknown}
 q - a potion of berserk rage {unknown}


   Skills:
 + Level 3.2 Fighting
 + Level 4.4 Maces & Flails
 + Level 3.4 Dodging
 + Level 1.3 Stealth
 + Level 1.2 Shields


You had 4 spell levels left.
You didn't know any spells.
Your spell library contained the following spells:

 Spells                   Type           Power      Damage    Failure   Level
 Dazzling Flash           Conj/Hex       0%         N/A       98%         3
 Inner Flame              Hex/Fire       0%         N/A       98%         3
 Cause Fear               Hex            0%         N/A       100%        4
 Agony                    Necr           0%         N/A       100%        5
 Silence                  Hex/Air        0%         N/A       100%        5
 Discord                  Hex            0%         N/A       100%        8


Dungeon Overview and Level Annotations

Branches:
Dungeon (3/15)

Altars:
Elyvilon
Kikubaaqudgha
Uskayaw

Shops:
D:2 =

Annotations:
D:3 Natasha


Innate Abilities, Weirdness & Mutations

You are too large for most types of armour.
You have claws for hands.
Your natural rate of healing is unusually fast.
You are covered in fur. (AC +1)
You have tough skin. (AC +1)


Message History

You feel yourself slow down.
Natasha extends her claws.
Natasha zaps a wand.
The puff of flame hits you! Natasha casts a spell at you.
The magic dart hits you.
Natasha zaps a wand.
The puff of flame misses you. Natasha claws you. Natasha casts a spell at you.
The magic dart hits you.
You closely miss Natasha.
Natasha zaps a wand.
The puff of flame hits you! Natasha closely misses you.
You hit Natasha.
Natasha is moderately wounded.
Natasha zaps a wand.
The puff of flame misses you.
You hit Natasha.
Natasha is severely wounded.
Natasha barely misses you.
Natasha zaps a wand.
The puff of flame hits you!
You barely miss Natasha.
Natasha is severely wounded.
Natasha claws you. You block Natasha's attack.
You barely miss Natasha.
Natasha is heavily wounded.
Natasha barely misses you.
Natasha zaps a wand.
The puff of flame hits you!
* * * LOW HITPOINT WARNING * * *
You hit Natasha.
Natasha is severely wounded.
Natasha casts a spell at you. The magic dart hits you!
* * * LOW HITPOINT WARNING * * *
Natasha mumbles some strange words.
You block Natasha's attack.
You barely miss Natasha.
Natasha is severely wounded.
You feel yourself speed up. You block Natasha's attack.
The iron imp barely misses you.
Natasha casts a spell.
You barely miss Natasha.
Natasha is severely wounded.
The iron imp hits you!
You die...

#.#..
#.....####...##..#.#
#.##.##..##.#
######..#.#
###.##.##..##.# ......
..##.##.##..##.#
##..###
..##.##...>.##.# ####
.....###....##.###..♣
§...........#......###
.#########.....h55'#.#
...........[#.##@##..#
......#.....#.##♣#.._#
......#.#...#.########
.######.........♣#.._#
§# #.###.###..##..# .#
#.###.###...'#.# ##
#.##.........### #
#.##..###.....♣ #
#.##..###..#.##


You could see an iron imp (summoned), Natasha and a crimson imp (summoned).

Vanquished Creatures
  Natasha (twice) (D:3)
  An orc wizard (D:3)
  Robin (D:2)
  4 adders
  A worm (D:2)
  9 dart slugs (D:3)
  7 orcs (D:3)
  7 ball pythons
  4 endoplasms
  5 giant cockroaches
  14 goblins
  10 hobgoblins
  11 jackals
  2 kobolds
  4 quokkas
  4 bats
  8 frilled lizards
  5 rats
99 creatures vanquished.

Notes
Turn   | Place    | Note
-------+----------+-------------------------------------------
     0 | D:1      | issech the Troll Monk began the quest for the Orb.
     0 | D:1      | Reached XP level 1. HP: 22/22 MP: 0/0
   111 | D:1      | Reached XP level 2. HP: 21/29 MP: 1/1
   158 | D:1      | Reached skill level 3 in Maces & Flails
   224 | D:1      | Found a faded altar of an unknown god.
   281 | D:1      | Reached XP level 3. HP: 36/36 MP: 2/2
   731 | D:2      | Noticed Robin
   780 | D:2      | Killed Robin
   781 | D:2      | Reached XP level 4. HP: 31/45 MP: 3/3
  1165 | D:2      | Found Roghuef's Jewellery Boutique.
  1764 | D:3      | Reached XP level 5. HP: 53/53 MP: 4/4
  1803 | D:3      | Found a white marble altar of Elyvilon.
  2010 | D:3      | Reached skill level 4 in Maces & Flails
  2063 | D:3      | Found a hide-covered altar of Uskayaw.
  2084 | D:3      | Found an ancient bone altar of Kikubaaqudgha.
  2164 | D:3      | Noticed Natasha
  2170 | D:3      | Killed Natasha
  2171 | D:3      | Reached skill level 1 in Shields
  2242 | D:3      | Noticed Natasha
  2256 | D:3      | Killed Natasha
  2289 | D:3      | Found the +1 Delatra's gloves {ID++}
  2341 | D:3      | Noticed Natasha
  2358 | D:3      | Slain by an iron imp

Illustrated notes

Levels and vault maps discovered:
D:1:      kennysheep_arrival_forest, layout_rooms, basic_ecumenical_altar,
          hangedman_decor_points, bh_walls_and_bars
D:2:      layout_loops_ring, serial_shops, shop, uniq_robin
D:3:      kennysheep_slugbush, layout_basic, nicolae_overflow_quartered_altars,
          mainiacjoe_overflow_catwalk, pf_guarded_unrand_delatra, uniq_natasha,
          uniq_grinder

Skill      XL: |  1  2  3  4  5 |
---------------+----------------+-----
Maces & Flails | 3 4 |  4.4
Fighting       | 3 |  3.2
Dodging        | 3 |  3.4
Shields        | 1 |  1.2
Stealth        | |  1.3

Action                   |  1- 3 |  4- 6 || total
-------------------------+-------+-------++-------
Melee: Mace              |   117 |   164 ||   281
       Punch             |     1 |       ||     1
       Flail             |       |    50 ||    50
  Use: Scroll            |       |     1 ||     1
 Stab: Sleeping          |     1 |     3 ||     4
       Distracted        |       |     1 ||     1
Armor: Robe              |    53 |    34 ||    87
       Animal skin       |       |    57 ||    57
Dodge: Dodged            |    86 |   122 ||   208
Block: Kite shield       |    23 |   100 ||   123
